 Dungeon Crawl Stone Soup version 0.31-a0-217-g58bb5d79cf (webtiles) character file.

Game seed: 9936098012201508841

2797 qw the Skirmisher (level 9, -4/79 HPs)
             Began as a Minotaur Hexslinger on July 2, 2023.
             Was a Follower of Okawaru.
             Slain by a rust devil (10 damage)
             ... on level 7 of the Dungeon.
             The game lasted 00:03:15 (7777 turns).

qw the Skirmisher (Minotaur Hexslinger)             Turns: 7777, Time: 00:03:15

Health: -4/79      AC: -12   Str: 14    XL:     9   Next: 43%
Magic:  9/11       EV: 16    Int: 10    God:    Okawaru [*.....]
Gold:   250        SH:  0    Dex: 16    Spells: 9/10 levels left

rFire   . . .        Y - +0 orcbow
rCold   + . .        (shield currently unavailable)
rNeg    . . .        o - +1 leather armour {rC+}
rPois   .            (helmet restricted)
rElec   .            j - +0 cloak
rCorr   .            f - +0 pair of gloves
SInv    .            (no boots)
Will    .....        e - amulet of faith
Stlth   +++          b - +4 ring of protection
HPRegen 0.33/turn    (no ring)
MPRegen 0.12/turn

%: faith
@: heroic, corroded
A: horns 2, retaliatory headbutt
a: Renounce Religion, Heroism


You were on level 7 of the Dungeon.
You worshipped Okawaru.
Okawaru was aware of your devotion.
You visited 2 branches of the dungeon, and saw 9 of its levels.

You collected 250 gold pieces.


Innate Abilities, Weirdness & Mutations

You have a pair of horns on your head.
You reflexively headbutt those who attack you in melee.


   Skills:
 - Level 7.0(12.0) Fighting
 + Level 11.2(16.2) Ranged Weapons
 - Level 2.2(7.2) Armour
 - Level 4.2(9.2) Dodging
 - Level 1.0 Spellcasting
 - Level 2.0 Hexes
 - Level 4.0 Invocations


You had 9 spell levels left.
You knew the following spells:

 Your Spells              Type           Power      Damage    Failure   Level
a - Slow                  Hex            16%        N/A       19%         1

Your spell library contained the following spells:

 Spells                   Type           Power      Damage    Failure   Level
 Inner Flame              Hex/Fire       2%         N/A       63%         3
 Portal Projectile        Hex/Tloc       4%         N/A       63%         3
 Cause Fear               Hex            2%         N/A       87%         4

Inventory:

Hand Weapons
 Y - a +0 orcbow (weapon)
Armour
 f - a +0 pair of gloves (worn)
 j - a +0 cloak (worn)
 o - a +1 leather armour of cold resistance (worn)
Jewellery
 b - a +4 ring of protection (left hand)
 e - an amulet of faith (around neck)
Scrolls
 h - a scroll of identify
Potions
 d - a potion of haste
 g - a potion of magic
 i - a potion of enlightenment
 n - a potion of berserk rage {unknown}
 r - a potion of invisibility {unknown}

Dungeon Overview and Level Annotations

Branches:
Dungeon (8/15)             Temple (1/1) D:4
   Lair: D:8-11

Altars:
Ashenzari
Cheibriados
Dithmenos
Elyvilon
Fedhas
Gozag
Hepliaklqana
Kikubaaqudgha
Makhleb
Nemelex Xobeh
Okawaru
Qazlal
Ru
Sif Muna
Trog
Uskayaw
Vehumet
Wu Jian
Xom
Yredelemnul
Zin
The Shining One
Jiyva

Shops:
D:7 (

Annotations:
D:7 1 runed translucent door, Crazy Yiuf
D:8 3 runed translucent doors, qw's ghost, novice MiHs


Message History

You headbutt the rust devil. The orc warrior misses you.
You shoot an arrow.
The arrow hits the rust devil but does no damage.
The rust devil is heavily wounded.
The rust devil hits you! The rust devil corrodes you!
The rust devil completely misses you. You furiously retaliate!
You headbutt the rust devil, but do no damage.
The orc warrior barely misses you.
7771 ||| DRINKING potion of heal wounds.
You feel much better. The rust devil hits you! The rust devil corrodes you!
The rust devil closely misses you.
The orc warrior hits you from afar with a +3 halberd!
You shoot an arrow.
The arrow hits the rust devil but does no damage.
The rust devil is heavily wounded.
You shoot an arrow.
The arrow hits the rust devil but does no damage.
The rust devil is heavily wounded.
The rust devil closely misses you. You furiously retaliate!
You headbutt the rust devil, but do no damage.
The rust devil completely misses you. The orc warrior completely misses you.
You shoot an arrow.
The arrow hits the rust devil but does no damage.
The rust devil is heavily wounded.
The rust devil closely misses you. You furiously retaliate!
You headbutt the rust devil, but do no damage.
The rust devil barely misses you.
The orc warrior hits you from afar with a +3 halberd!
You shoot an arrow. The arrow barely misses the rust devil.
The rust devil hits you. The rust devil corrodes you! The rust devil hits you.
The rust devil corrodes you! The orc warrior barely misses you.
You shoot an arrow.
The arrow hits the rust devil but does no damage.
The rust devil is heavily wounded.
You feel like a meek peon again.
7777 ||| INVOKING Heroism.
You gain the combat prowess of a mighty hero.
The rust devil hits you!
You die...

#<......#.# #
###..###[#.# #
###.....#.<).# #
##...###...#..# # #
#..### ###....# #
####
##.##)#+#)##...# #
...#
#..#7.....7#..## #
...# #.##4o.....##.#
## ...# #.#@4..8...
#.# #. ...#
#.##.......##.# #.
...# #..#7.....7#..#
#. ...#
##.##)#+#)##.######.
...# #..###
###..##..... ##.#
##...###...........
#.#
###.....##........
#.# #..#####........
#.# #.## #.........


You could see 2 rust devils and an orc warrior.

Vanquished Creatures
  Edmund (D:5)
  A water moccasin (D:6)
  2 orc warriors (D:7)
  2 ice beasts
  A sky beast (D:7)
  2 ogres
  2 centaurs (D:7)
  2 phantoms
  A kobold brigand (D:7)
  3 bullfrogs
  4 scorpions
  4 wights (D:7)
  A howler monkey (D:6)
  4 hounds
  5 jellies
  2 orc priests
  3 iguanas (D:4)
  8 orc wizards
  5 gnolls
  4 adders
  4 shadow imps
  4 white imps
  An ufetubus (D:7)
  2 worms (D:2)
  4 dart slugs
  34 orcs
  6 bats
  5 endoplasms
  2 giant cockroaches
  6 goblins
  8 hobgoblins
  12 kobolds
  2 quokkas (D:1)
  7 ball pythons
  2 frilled lizards
  7 rats
  A spectral goblin (D:4)
164 creatures vanquished.

Vanquished Creatures (others)
  An ufetubus (D:8)
1 creature vanquished.

Grand Total: 165 creatures vanquished

Notes
Turn   | Place    | Note
-------+----------+-------------------------------------------
     0 | D:1      | qw the Minotaur Hexslinger began the quest for the Orb.
     0 | D:1      | Reached XP level 1. HP: 16/16 MP: 1/1
     0 | D:1      | 0 ||| qw: Version: 0.3-a-40-ge99b1a8
     0 | D:1      | 0 ||| qw: Game counter: 143
     0 | D:1      | 0 ||| qw: Melee chars always use a shield: true
     0 | D:1      | 0 ||| qw: God list: Okawaru
     0 | D:1      | 0 ||| qw: Allow faded altars: false
     0 | D:1      | 0 ||| qw: Do Orc after clearing Dungeon:15 true
     0 | D:1      | 0 ||| qw: Do second Lair branch before Depths: true
     0 | D:1      | 0 ||| qw: Lair rune preference: random
     0 | D:1      | 0 ||| qw: Goals: Normal
     0 | D:1      | 0 ||| PLANNING D:1-11
   119 | D:1      | Reached skill level 3 in Ranged Weapons
   128 | D:1      | Reached XP level 2. HP: 16/23 MP: 2/2
   656 | D:1      | 656 ||| Stepping ~*~*~tactically~*~*~ (outnumbered).
   792 | D:1      | 792 ||| READING scroll labelled UWUOMI IXEF.
   793 | D:1      | 793 ||| READING 2 scrolls labelled KARUAKHOMP.
   794 | D:1      | 794 ||| READING 2 scrolls labelled UPPUNKEPLU.
   795 | D:1      | 795 ||| READING scroll labelled SINALE PO QAUTH.
   796 | D:1      | 796 ||| DROPPING scroll of poison.
   797 | D:1      | 797 ||| DROPPING scroll of fog.
   840 | D:2      | Reached XP level 3. HP: 29/29 MP: 3/3
  1025 | D:2      | HP: 6/29 [worm (9)]
  1492 | D:2      | Reached skill level 4 in Ranged Weapons
  1752 | D:2      | 1752 ||| UPGRADING to amulet of faith.
  1757 | D:2      | 1757 ||| UPGRADING to +4 ring of protection.
  1758 | D:2      | 1758 ||| READING scroll labelled TEPRAE ESUO.
  1759 | D:2      | 1759 ||| DRINKING 2 yellow potions.
  1803 | D:2      | 1803 ||| DROPPING potion of lignification.
  1924 | D:3      | Reached XP level 4. HP: 23/36 MP: 4/4
  1940 | D:3      | 1940 ||| FLEEEEING.
  1942 | D:3      | 1942 ||| FLEEEEING.
  1943 | D:3      | 1943 ||| FLEEEEING.
  1944 | D:3      | 1944 ||| FLEEEEING.
  1945 | D:3      | 1945 ||| FLEEEEING.
  1946 | D:3      | 1946 ||| FLEEEEING.
  1947 | D:3      | 1947 ||| FLEEEEING.
  1949 | D:3      | 1949 ||| FLEEEEING.
  1950 | D:3      | 1950 ||| FLEEEEING.
  1951 | D:3      | 1951 ||| FLEEEEING.
  1952 | D:3      | 1952 ||| FLEEEEING.
  1953 | D:3      | 1953 ||| FLEEEEING.
  1954 | D:3      | 1954 ||| FLEEEEING.
  1955 | D:3      | 1955 ||| FLEEEEING.
  1956 | D:3      | 1956 ||| FLEEEEING.
  1957 | D:3      | 1957 ||| FLEEEEING.
  1958 | D:3      | 1958 ||| FLEEEEING.
  1959 | D:3      | 1959 ||| FLEEEEING.
  1960 | D:3      | 1960 ||| FLEEEEING.
  1961 | D:3      | 1961 ||| STAIRDANCE
  1973 | D:2      | 1973 ||| DRINKING 2 puce potions.
  2060 | D:3      | Noticed an ice beast
  2076 | D:3      | Killed an ice beast
  2077 | D:3      | Reached skill level 5 in Ranged Weapons
  2077 | D:3      | Reached XP level 5. HP: 32/41 MP: 5/5
  2339 | D:3      | 2339 ||| READING 2 scrolls of identify.
  2339 | D:3      | 2339 ||| IDENTIFYING smoky sapphire potion
  2358 | D:4      | Reached skill level 3 in Fighting
  2383 | D:4      | Reached skill level 6 in Ranged Weapons
  2398 | D:4      | Reached XP level 6. HP: 42/52 MP: 6/6
  2472 | D:4      | 2472 ||| Stepping ~*~*~tactically~*~*~ (outnumbered).
  2479 | D:4      | 2479 ||| DRINKING potion of curing.
  2479 | D:4      | 2479 ||| (to cure confusion)
  2801 | D:4      | Reached skill level 7 in Ranged Weapons
  2805 | D:4      | HP: 13/52 [orc priest/+0 whip (3)]
  2996 | D:4      | Found a staircase to the Ecumenical Temple.
  2997 | D:4      | 2997 ||| PLANNING TEMPLE
  2997 | D:4      | 2997 ||| UPGRADING to +0 ring mail.
  3007 | D:4      | 3007 ||| DROPPING +0 robe.
  3008 | D:4      | 3008 ||| READING 3 scrolls labelled MUOSUYCOUT.
  3009 | D:4      | 3009 ||| READING scroll labelled LETTUI GUOLESE.
  3110 | D:4      | 3110 ||| DROPPING 2 scrolls of revelation.
  3116 | Temple   | Entered the Ecumenical Temple
  3118 | Temple   | 3118 ||| PLANNING OKAWARU WORSHIP
  3125 | Temple   | Became a worshipper of Warmaster Okawaru
  3126 | Temple   | 3126 ||| PLANNING D:1-11
  3179 | D:4      | Reached skill level 1 in Armour
  3179 | D:4      | Reached XP level 7. HP: 33/59 MP: 7/7
  3531 | D:4      | Found a hazy altar of Hepliaklqana.
  3743 | D:4      | Found a radiant altar of Vehumet.
  3813 | D:5      | Entered Level 5 of the Dungeon
  3828 | D:5      | Reached skill level 8 in Ranged Weapons
  4201 | D:5      | Reached * piety under Okawaru
  4276 | D:5      | Noticed Edmund
  4277 | D:5      | 4277 ||| INVOKING Heroism.
  4294 | D:5      | Killed Edmund
  4407 | D:5      | Reached skill level 1 in Invocations
  4407 | D:5      | Reached XP level 8. HP: 64/69 MP: 8/8
  4529 | D:5      | 4529 ||| INVOKING Heroism.
  4533 | D:5      | 4533 ||| Stepping ~*~*~tactically~*~*~ (outnumbered).
  4545 | D:5      | Reached skill level 9 in Ranged Weapons
  4820 | D:5      | 4820 ||| UPGRADING to +0 cloak.
  4825 | D:5      | 4825 ||| DRINKING 2 murky inky potions.
  4826 | D:5      | 4826 ||| DRINKING potion of curing.
  4826 | D:5      | 4826 ||| (to cure confusion)
  4827 | D:5      | 4827 ||| DROPPING potion of ambrosia.
  4876 | D:6      | 4876 ||| INVOKING Heroism.
  4949 | D:6      | 4949 ||| FLEEEEING.
  4950 | D:6      | 4950 ||| FLEEEEING.
  4951 | D:6      | 4951 ||| STAIRDANCE
  4996 | D:5      | 4996 ||| DRINKING 2 orange potions.
  5151 | D:6      | 5151 ||| INVOKING Heroism.
  5157 | D:6      | Reached skill level 6 in Fighting
  5279 | D:6      | 5279 ||| SWAPPING to +0 shortbow.
  5286 | D:6      | 5286 ||| DROPPING +1 sling.
  5575 | D:7      | 5575 ||| INVOKING Heroism.
  5582 | D:7      | Reached skill level 3 in Dodging
  5672 | D:7      | Reached skill level 3 in Invocations
  5677 | D:7      | Found Qarcheuz's Weapon Shop.
  5681 | D:7      | 5681 ||| Stepping ~*~*~tactically~*~*~ (outnumbered).
  5683 | D:7      | 5683 ||| Stepping ~*~*~tactically~*~*~ (outnumbered).
  5699 | D:7      | 5699 ||| FLEEEEING.
  5700 | D:7      | 5700 ||| FLEEEEING.
  5701 | D:7      | 5701 ||| FLEEEEING.
  5702 | D:7      | 5702 ||| FLEEEEING.
  5703 | D:7      | 5703 ||| FLEEEEING.
  5704 | D:7      | 5704 ||| FLEEEEING.
  5705 | D:7      | 5705 ||| FLEEEEING.
  5706 | D:7      | 5706 ||| FLEEEEING.
  5707 | D:7      | 5707 ||| FLEEEEING.
  5708 | D:7      | 5708 ||| FLEEEEING.
  5709 | D:7      | 5709 ||| FLEEEEING.
  5710 | D:7      | 5710 ||| FLEEEEING.
  5711 | D:7      | 5711 ||| FLEEEEING.
  5712 | D:7      | 5712 ||| FLEEEEING.
  5719 | D:7      | 5719 ||| INVOKING Heroism.
  5766 | D:7      | 5766 ||| FLEEEEING.
  5767 | D:7      | 5767 ||| FLEEEEING.
  5830 | D:7      | 5830 ||| FLEEEEING.
  5831 | D:7      | 5831 ||| FLEEEEING.
  5836 | D:7      | 5836 ||| STAIRDANCE
  5886 | D:7      | 5886 ||| FLEEEEING.
  5895 | D:7      | 5895 ||| FLEEEEING.
  5896 | D:7      | 5896 ||| FLEEEEING.
  5897 | D:7      | 5897 ||| FLEEEEING.
  5898 | D:7      | 5898 ||| FLEEEEING.
  5899 | D:7      | 5899 ||| FLEEEEING.
  5900 | D:7      | 5900 ||| FLEEEEING.
  5906 | D:7      | 5906 ||| INVOKING Heroism.
  6329 | D:7      | Found a runed translucent door.
  6330 | D:7      | Noticed Crazy Yiuf
  6399 | D:7      | Found a bloodstained altar of Trog.
  6400 | D:7      | 6400 ||| INVOKING Heroism.
  6438 | D:7      | Reached skill level 10 in Ranged Weapons
  6445 | D:7      | Found a shimmering blue altar of Sif Muna.
  6457 | D:7      | 6457 ||| INVOKING Heroism.
  6485 | D:7      | 6485 ||| Stepping ~*~*~tactically~*~*~ (outnumbered).
  6491 | D:7      | 6491 ||| INVOKING Heroism.
  6497 | D:7      | Reached XP level 9. HP: 46/78 MP: 8/11
  6624 | D:7      | 6624 ||| SWAPPING to +0 orcbow.
  6625 | D:7      | 6625 ||| DROPPING +0 shortbow.
  6669 | D:7      | 6669 ||| FLEEEEING.
  6670 | D:7      | 6670 ||| FLEEEEING.
  6672 | D:7      | 6672 ||| FLEEEEING.
  6674 | D:7      | 6674 ||| FLEEEEING.
  6675 | D:7      | 6675 ||| FLEEEEING.
  6684 | D:7      | 6684 ||| FLEEEEING.
  6686 | D:7      | 6686 ||| FLEEEEING.
  7118 | D:7      | 7118 ||| UPGRADING to +1 leather armour of cold resistance.
  7128 | D:7      | 7128 ||| DROPPING +0 ring mail.
  7129 | D:7      | 7129 ||| READING scroll labelled DOUPEA MUBRUF.
  7130 | D:7      | 7130 ||| READING scroll labelled BAOWYSKUPIA.
  7131 | D:7      | 7131 ||| DRINKING 3 emerald potions.
  7132 | D:7      | 7132 ||| READING 4 scrolls of identify.
  7132 | D:7      | 7132 ||| IDENTIFYING glowing green potion
  7133 | D:7      | 7133 ||| READING 3 scrolls of identify.
  7133 | D:7      | 7133 ||| IDENTIFYING cyan potion
  7134 | D:7      | 7134 ||| READING 2 scrolls of identify.
  7134 | D:7      | 7134 ||| IDENTIFYING silvery potion
  7135 | D:7      | 7135 ||| DROPPING potion of attraction.
  7193 | D:8      | 7193 ||| STAIRDANCE
  7266 | D:8      | 7266 ||| STAIRDANCE
  7272 | D:7      | 7272 ||| INVOKING Heroism.
  7469 | D:8      | Found a blossoming altar of Fedhas.
  7534 | D:7      | 7534 ||| INVOKING Heroism.
  7708 | D:8      | Reached skill level 11 in Ranged Weapons
  7718 | D:8      | Found a runed translucent gate.
  7720 | D:8      | Found a runed translucent gate.
  7721 | D:8      | Found a runed translucent gate.
  7721 | D:8      | Noticed qw's ghost (novice MiHs)
  7724 | D:8      | Found a viscous altar of Jiyva.
  7741 | D:8      | 7741 ||| UPGRADING to +0 pair of gloves.
  7746 | D:8      | 7746 ||| DRINKING 2 black potions.
  7747 | D:8      | 7747 ||| DROPPING potion of brilliance.
  7754 | D:7      | Noticed a rust devil
  7754 | D:7      | Noticed a rust devil
  7755 | D:7      | 7755 ||| INVOKING Heroism.
  7767 | D:7      | 7767 ||| DRINKING potion of cancellation.
  7767 | D:7      | HP: 13/79 [orc warrior/+3 halberd (20)]
  7768 | D:7      | 7768 ||| DRINKING 2 potions of heal wounds.
  7771 | D:7      | 7771 ||| DRINKING potion of heal wounds.
  7774 | D:7      | HP: 9/79 [orc warrior/+3 halberd (11)]
  7777 | D:7      | 7777 ||| INVOKING Heroism.
  7777 | D:7      | Slain by a rust devil

Levels and vault maps discovered:
D:1:      noname_arrival_rooms_in_the_neighbourhood, layout_basic
D:2:      layout_basic
D:3:      layout_rooms
D:4:      layout_loops_ring, nicolae_hepliaklqana_monster_ancestors,
          kennysheep_mini_moat, minmay_temple_entry_hall,
          wad_floor_pattern_untrapped, nrook_mini_vaults, grunt_ministairs_10,
          kennysheep_diamond
D:5:      layout_gridville, uniq_edmund
D:6:      layout_rooms
D:7:      cheibrodos_iron_armory, layout_basic,
          nzn_overflow_gifts_of_might_and_magic, serial_shops,
          nicolae_take_the_stairs, uniq_crazy_yiuf_cottage
D:8:      minmay_the_grid_triangle_9x9_rhombus_thin
          [minmay_the_grid_triangle_9x9_windchime,
          minmay_the_grid_triangle_9x9_prize_schism,
          minmay_the_grid_triangle_9x9_checkered,
          minmay_the_grid_triangle_9x9_shrine], layout_cave_pools,
          fedhas_altar_4, gammafunk_ghost_ooze, serial_demonic,
          serial_demonic_f, serial_demonic_d, serial_demonic_b,
          serial_demonic_g, serial_demonic_g, serial_demonic_c,
          serial_demonic_b, uniq_psyche
Temple:   sentei_temple_godly_chess

Skill      XL: |  1  2  3  4  5  6  7  8  9 |
---------------+----------------------------+-----
Ranged Weapons | 3 4 5 6 7 8 10 11 | 11.2
Fighting       | 2 4 5 6 7 |  7.0
Armour         | 1 2 |  2.2
Invocations    | 1 4 |  4.0
Dodging        | 3 4 |  4.2
Spellcasting   | |  1.0
Hexes          | |  2.0

Action                     |  1- 3 |  4- 6 |  7- 9 || total
---------------------------+-------+-------+-------++-------
   Fire: Sling             |   127 |   138 |   188 ||   453
         Shortbow          |       |       |   189 ||   189
         Orcbow            |       |       |   129 ||   129
 Invoke: Heroism           |       |       |    14 ||    14
    Use: Scroll            |     5 |     3 |     5 ||    13
         Potion            |     1 |     2 |     8 ||    11
 Armour: Robe              |    11 |    19 |       ||    30
         Ring mail         |       |       |   101 ||   101
         Leather armour    |       |       |    48 ||    48
  Dodge: Dodged            |    45 |    54 |   193 ||   292

Table legend:
 A = Non-vault XP
 B = Vault XP
 C = Vault XP percentage of total XP
 D = Non-vault monster count
 E = Vault monster count
 F = Vault count percentage of total count
                 A         B        C        D         E       F
            +---------+---------+-------+---------+---------+-------
      Total |    3313 |     683 |  17.1 |     150 |      15 |   9.1
            +---------+---------+-------+---------+---------+-------
        D:1 |      40 |       0 |   0.0 |      23 |       0 |   0.0
        D:2 |      31 |       0 |   0.0 |      14 |       0 |   0.0
        D:3 |     186 |       0 |   0.0 |      18 |       0 |   0.0
        D:4 |     510 |      79 |  13.4 |      17 |       6 |  26.1
        D:5 |     521 |     173 |  24.9 |      21 |       1 |   4.5
        D:6 |     417 |       0 |   0.0 |       6 |       0 |   0.0
        D:7 |    1427 |     315 |  18.1 |      43 |       4 |   8.5
        D:8 |     181 |     116 |  39.1 |       8 |       4 |  33.3
            +---------+---------+-------+---------+---------+-------
